 Dungeon Crawl Stone Soup version 0.31.0-32-g396128a36d (webtiles) character file.

Game seed: 13176731025301020665

1936 FexLirch the Geomancer (level 9, -7/66 HPs)
             Began as a Formicid Earth Elementalist on Mar 15, 2024.
             Mangled by a sleepcap (19 damage)
             ... on level 6 of the Dungeon.
             The game lasted 00:18:40 (7199 turns).

FexLirch the Geomancer (FoEE)                       Turns: 7199, Time: 00:18:41

Health: -7/66      AC:  4    Str: 13    XL:     9   Next: 40%
Magic:  0/16       EV:  2    Int: 19    God:
Gold:   264        SH:  0    Dex: 14    Spells: 6/17 levels left

rFire   . . .        u - +5 dagger (flame)
rCold   + . .        (no shield)
rNeg    + . .        c - +1 robe {rC+}
rPois   .            (helmet unavailable)
rElec   .            (no cloak)
rCorr   .            k - +0 pair of gloves
SInv    +            (no boots)
Will    .....        (no amulet)
Stlth   ++           x - ring of flight
HPRegen 0.31/turn    A - ring of positive energy
MPRegen 0.15/turn

%: no passive effects
@: sleeping, flying, studying Shields
A: permanent stasis, dig shafts and tunnels, antennae 3, four strong arms
a: Dig, Shaft Self


You were on level 6 of the Dungeon.
You visited 1 branch of the dungeon, and saw 6 of its levels.

You collected 264 gold pieces.

Inventory:

Hand Weapons
 d - a +1 dagger of venom
 n - a +0 falchion
 p - a +1 dagger of draining
 u - a +5 dagger of flaming (weapon)
 y - a +0 sling
Missiles
 g - 15 poisoned darts (quivered)
 i - 28 stones
 q - 13 boomerangs
Armour
 a - a +0 robe
 c - a +1 robe of cold resistance (worn)
 k - a +0 pair of gloves (worn)
 D - a +0 tower shield
Magical Staves
 s - a staff of death
Jewellery
 x - a ring of flight (left hand)
 z - an amulet of faith
 A - a ring of positive energy (right hand)
Talismans
 B - a blade talisman
Wands
 r - a wand of flame (35)
 t - a wand of polymorph (14)
 F - a wand of acid (4)
Scrolls
 l - 3 scrolls of immolation
 m - a scroll of noise {unknown}
 v - 2 scrolls of amnesia
 w - 3 scrolls of poison
 C - a scroll of revelation
Potions
 b - a potion of magic
 e - a potion of mutation
 h - 2 potions of invisibility
 j - 3 potions of enlightenment
 o - a potion of cancellation {unknown}
 E - a potion of attraction {unknown}
 G - a potion of degeneration {unknown}


   Skills:
 + Level 4.5 Fighting
 + Level 4.4 Dodging
 - Level 2.4 Stealth
 + Level 1.9 Shields
 + Level 4.8 Spellcasting
 * Level 5.5 Conjurations
 * Level 8.2 Earth Magic


You had 6 spell levels left.
You knew the following spells:

 Your Spells              Type           Power      Damage    Failure   Level
a - Sandblast             Erth           72%        2d16      1%          1
b - Stone Arrow           Conj/Erth      60%        3d10      2%          3
c - Passwall              Erth           36%        N/A       1%          3
d - Brom's Barrelling Bo  Conj/Erth      30%        2d5       8%          4

Your spell library contained the following spells:

 Spells                   Type           Power      Damage    Failure   Level
 Sting                    Conj/Alch      60%        1d6       4%          1
 Mercury Vapours          Alch/Air       8%         N/A       19%         2
 Petrify                  Alch/Erth      20%        N/A       22%         4
 Summon Ice Beast         Ice/Summ       4%         N/A       36%         3
 Olgreb's Toxic Radiance  Alch           4%         N/A       77%         4
 Summon Mana Viper        Hex/Summ       4%         N/A       98%         5
 Monstrous Menagerie      Summ           2%         N/A       100%        7


Dungeon Overview and Level Annotations

Branches:
Dungeon (6/15)             Temple (0/1) D:4

Altars:
Elyvilon
Fedhas
Gozag
Okawaru
Qazlal

Shops:
D:3 :

Annotations:
D:2 Terence
D:4 exclusions: hound and sensed monster (detected), Dowan, Duvessa
D:5 Pikel
D:6 exclusion: hound, Eustachio


Innate Abilities, Weirdness & Mutations

You cannot be hasted, slowed, berserked, paralysed or teleported.
You can dig through walls and to a lower floor.
You have a pair of large antennae on your head. (SInv)
Your four strong arms can wield two-handed weapons with a shield.


Message History

You are unaffected.
Unknown command.
You hit the gnoll bouda but do no damage.
The gnoll bouda is severely wounded.
Your attacks no longer feel as feeble.
The gnoll bouda misses you. The sleepcap misses you.
Unknown command.
You hit the gnoll bouda. You burn the gnoll bouda.
The gnoll bouda is almost dead.
The gnoll bouda gazes fiercely through you!
You feel your attacks grow feeble.
The gnoll bouda hits you with a +0 club!
* * * LOW HITPOINT WARNING * * *
The sleepcap releases spores at you.
* * * LOW HITPOINT WARNING * * *
Your magical contamination has completely faded away.
You feel much better.
The gnoll bouda hits you with a +0 club!
* * * LOW HITPOINT WARNING * * *
The sleepcap closely misses you.
Casting: Sandblast (safe; 1% risk of failure)
Confirm with . or Enter, or press ? or * to list all spells.
Aiming: Sandblast (safe; 1% risk of failure)
Press: ? - help, Shift-Dir - straight line, f/p - gnoll bouda
Aim: a gnoll bouda, wielding a +0 club and wearing a +0 robe (almost dead, 86% to hit)
The blast of sand hits the gnoll bouda.
You kill the gnoll bouda!
The sleepcap closely misses you.
You hit the sleepcap. You burn the sleepcap.
The sleepcap is lightly damaged.
The sleepcap closely misses you.
You hit the sleepcap but do no damage.
The sleepcap is lightly damaged.
The sleepcap releases spores at you.
* * * LOW HITPOINT WARNING * * *
You are engulfed in a cloud of soporific spores!
You fall asleep.
Your attacks no longer feel as feeble.
The sleepcap releases spores at you!!
You die...

.....## ######.....#### ......#
{###..#......... #######
###.#............ {
{###.#..#.#......... {
###.#..#.#'#......... @..
###.#..#.###.#......... .h.
###.#..#.###...#......... ..
#+#.#..#.###...###.....###' .
#......###@.)### #.....#...
########.#..#.##f$## #.....#...
.....####.#..#.##....# #.....#...
.....##.##.#..#.##..##,#...<.#...
.....##..##.#..#.##... #.....'...
.....###..##.#..#.##..##.....#...
.....##....##.#..#.##.(#.....#...
.....##[##..##.#..#.##.##########
.....####)...##.#..#.###...†.#


You could see a sleepcap.

Vanquished Creatures
  3 water moccasins
  2 ice beasts (D:6)
  2 black bears
  2 ogres
  4 lemures (D:5)
  2 scorpions (D:6)
  3 hounds
  4 bombardier beetles
  2 orc priests
  A gnoll bouda (D:6)
  2 jellies
  Jessica (D:2)
  6 iguanas
  A sleepcap (D:6)
  Ijyb (D:3)
  Natasha (thrice) (D:3)
  4 orc wizards
  7 adders
  2 white imps
  2 ufetubi (D:3)
  6 ribbon worms
  2 dart slugs
  22 orcs
  7 ball pythons
  6 endoplasms
  3 giant cockroaches
  10 hobgoblins
  3 quokkas
  3 bats
  5 frilled lizards
  3 goblins
  4 kobolds
  5 rats
133 creatures vanquished.

Vanquished Creatures (collateral kills)
  4 boulders (D:6)
4 creatures vanquished.

Vanquished Creatures (others)
  3 boulders (D:6)
3 creatures vanquished.

Grand Total: 140 creatures vanquished

Notes
Turn   | Place    | Note
-------+----------+-------------------------------------------
     0 | D:1      | FexLirch the Formicid Earth Elementalist began the quest
                  | for the Orb.
     0 | D:1      | Reached XP level 1. HP: 13/13 MP: 3/3
   123 | D:1      | Reached skill level 1 in Conjurations
   499 | D:1      | Reached XP level 2. HP: 20/20 MP: 3/5
   781 | D:2      | Reached skill level 4 in Earth Magic
   801 | D:2      | Reached XP level 3. HP: 25/25 MP: 3/6
  1000 | D:2      | Noticed Terence
  1128 | D:2      | Found a blossoming altar of Fedhas.
  1160 | D:2      | Reached skill level 1 in Fighting
  1164 | D:2      | Learned a level 3 spell: Stone Arrow
  1190 | D:2      | Noticed Jessica
  1196 | D:2      | Killed Jessica
  1197 | D:2      | Reached XP level 4. HP: 26/32 MP: 1/7
  1799 | D:3      | Reached XP level 5. HP: 32/37 MP: 3/8
  1995 | D:3      | Reached skill level 5 in Earth Magic
  2158 | D:3      | Found a blossoming altar of Fedhas.
  2193 | D:3      | Found Opeagis's Book Shoppe.
  2305 | D:3      | Found an iron altar of Okawaru.
  2306 | D:3      | Noticed Ijyb
  2312 | D:3      | Killed Ijyb
  2313 | D:3      | Reached XP level 6. HP: 44/44 MP: 10/10
  2328 | D:3      | Found an opulent altar of Gozag.
  2331 | D:3      | Noticed Natasha
  2336 | D:3      | You fall into a shaft and drop 2 floors!
  2336 | D:5      | Entered Level 5 of the Dungeon
  2512 | D:3      | Killed Natasha
  2837 | D:3      | Reached XP level 7. HP: 51/51 MP: 7/11
  2914 | D:3      | Noticed Natasha
  2920 | D:3      | Killed Natasha
  3103 | D:3      | Noticed Natasha
  3112 | D:3      | Killed Natasha
  3503 | D:4      | Found a staircase to the Ecumenical Temple.
  3648 | D:4      | Learned a level 3 spell: Passwall
  3729 | D:4      | Noticed Duvessa
  4044 | D:4      | Found a stormy altar of Qazlal.
  4175 | D:4      | Noticed Dowan
  4283 | D:5      | Reached skill level 6 in Earth Magic
  4907 | D:5      | Reached XP level 8. HP: 58/58 MP: 6/13
  5081 | D:5      | Noticed Pikel
  5866 | D:6      | Found a white marble altar of Elyvilon.
  5883 | D:6      | Noticed Eustachio
  5949 | D:6      | Reached skill level 7 in Earth Magic
  6173 | D:6      | Learned a level 4 spell: Brom's Barrelling Boulder
  6540 | D:6      | Reached XP level 9. HP: 65/65 MP: 10/15
  6649 | D:6      | Reached skill level 5 in Conjurations
  6971 | D:6      | Reached skill level 1 in Shields
  6971 | D:6      | Reached skill level 8 in Earth Magic
  7199 | D:6      | Mangled by a sleepcap

Illustrated notes

Levels and vault maps discovered:
D:1:      saegor_arrival_simple_b, layout_loops_cross,
          shapermc_ecumenical_altar_petra
D:2:      layout_basic, basic_altar, grunt_ministairs_1, nrook_mini_vaults,
          serial_bayou_ford_a, kennysheep_generic_room_7, uniq_jessica,
          uniq_terence
D:3:      layout_basic, general_overflow_altar,
          mainiacjoe_overflow_catch_the_wave, serial_shops,
          nicolae_shop_temple_entry_statues_fountains,
          hangedman_decor_peaks_small, minmay_vboxes, uniq_ijyb, uniq_natasha
D:4:      layout_loops_ring, nicolae_qazlal_eye_of_the_storm, temple_pool_b,
          uniq_duvessa
D:5:      nicolae_cairo_tiling, layout_basic, st_stairs_9, nrook_pool_corridor,
          uniq_pikel
D:6:      minmay_razor_zed, layout_gridville, nicolae_elyvilon_peaceful_grove,
          uniq_eustachio, uniq_edmund

Skill      XL: |  1  2  3  4  5  6  7  8  9 |
---------------+----------------------------+-----
Conjurations   | 1 2 3 4 5 |  5.5
Earth Magic    | 4 5 6 7 8 |  8.2
Dodging        | 2 3 4 |  4.4
Fighting       | 1 2 3 4 |  4.5
Spellcasting   | 3 4 |  4.8
Shields        | 1 |  1.9
Stealth        | |  2.4

Action                     |  1- 3 |  4- 6 |  7- 9 || total
---------------------------+-------+-------+-------++-------
  Melee: Unarmed           |     3 |       |       ||     3
         Dagger            |       |    18 |     5 ||    23
   Fire: Sling             |       |       |    14 ||    14
  Throw: Stone             |       |     4 |       ||     4
         Dart              |       |       |     7 ||     7
   Cast: Sandblast         |    37 |    80 |    35 ||   152
         Stone Arrow       |       |     4 |    53 ||    57
         Brom's Barrelling |       |       |    13 ||    13
         Passwall          |       |       |     1 ||     1
Ability: Shaft Self        |       |     1 |       ||     1
  Evoke: Wand              |       |     6 |       ||     6
    Use: Potion            |       |     3 |     2 ||     5
         Scroll            |       |     1 |     8 ||     9
   Stab: Sleeping          |       |       |     1 ||     1
 Armour: Robe              |    10 |    35 |    29 ||    74
  Dodge: Dodged            |    11 |    50 |    31 ||    92
